Map: Glittering Ashes LE

Players

HeroMarine - Winner!

  • Race: Terran Terran

Astrea

  • Race: Protoss Protoss
  • League: Master

Event: TSL 8

VOD

Have the link to the VOD?

Description

Time

  • Played on: Nov. 26, 2021, 12:21 p.m.
  • Length: 8:58

All games in this series

Show
View Real Time Build Order
Export as new Build Order

HeroMarine Terran - Winner!

Build Orders:  

Get SALT Encoding   

  12  0:00  SCV  
  13  0:12  SCV  
  14  0:17  Supply Depot  
  14  0:24  SCV  
  15  0:38  SCV  
  15  0:40  Barracks  
  16  0:43  Refinery  
  16  0:50  SCV  
  17  1:02  SCV  
  18  1:14  SCV  
  19  1:27  Marine, Orbital Command  
  20  1:43  Command Center  
  20  1:47  Reaper  
  21  1:54  Supply Depot  
  21  1:58  SCV  
  22  2:08  Factory  
  22  2:10  SCV  
  23  2:16  Refinery  
  23  2:20  Barracks Reactor  
  23  2:22  SCV  
  24  2:34  SCV  
  25  2:46  SCV  
  26  2:55  Starport, Hellion  
  26  2:57  Marine x2, Orbital Command  
  30  2:59  SCV  
  31  3:11  SCV  
  32  3:15  Marine x2  
  32  3:16  Factory Tech Lab  
  34  3:23  SCV x2  
  34  3:25  Supply Depot  
  36  3:32  Marine x2  
  38  3:34  Cyclone  
  38  3:35  Medivac  
  38  3:38  SCV  
  38  3:39  SCV  
  43  3:50  SCV, Marine x2  
  43  3:51  SCV  
  43  3:54  Supply Depot  
  46  4:07  Siege Tank  
  46  4:08  Viking, Marine  
  54  4:10  SCV, Marine  
  54  4:15  SCV  
  55  4:17  Supply Depot  
  55  4:23  SCV  
  56  4:25  Supply Depot  
  56  4:26  Marine  
  56  4:27  SCV  
  56  4:28  Marine  
  59  4:35  SCV  
  60  4:39  SCV  
  60  4:42  Command Center  
  60  4:43  Cyclone  
  64  4:47  SCV  
  64  4:49  Marine x2  
  64  4:51  SCV  
  68  4:53  Viking  
  68  4:59  SCV  
  71  5:04  SCV  
  71  5:06  Marine  
  71  5:07  Marine  
  73  5:11  SCV, Barracks  
  75  5:16  SCV  
  76  5:21  Supply Depot  
  76  5:23  SCV, Siege Tank  
  76  5:24  Marine x2  
  76  5:28  SCV  
  83  5:34  Refinery  
  83  5:35  SCV, Refinery  
  82  5:40  SCV  
  82  5:42  Marine x2  
  84  5:43  Barracks  
  84  5:47  SCV  
  86  5:51  Engineering Bay  
  86  5:52  SCV  
  86  5:56  Engineering Bay  
  87  5:59  SCV  
  87  6:00  Marine x2  
  87  6:01  Starport Tech Lab, Orbital Command  
  90  6:04  SCV  
  90  6:06  Factory Tech Lab  
  91  6:11  SCV  
  91  6:15  Stimpack  
  91  6:16  SCV  
  91  6:17  Terran Infantry Weapons Level 1  
  93  6:19  Missile Turret  
  93  6:22  Missile Turret  
  93  6:24  SCV  
  93  6:25  Siege Tank  
  97  6:28  Terran Infantry Armor Level 1  
  97  6:29  SCV  
  97  6:31  Starport Reactor, Orbital Command  
  97  6:32  Marine x2  
  99  6:33  Marine  
  99  6:36  SCV, Marine  
  103  6:41  SCV  
  104  6:48  SCV  
  104  6:52  Missile Turret  
  104  6:53  SCV  
  109  6:54  Combat Shield  
  109  6:58  Barracks  
  109  6:59  Barracks  
  109  7:00  SCV x2  
  104  7:03  Marine x3  
  104  7:05  SCV  
  104  7:07  Marine  
  107  7:12  SCV x2  
  106  7:17  SCV  
  106  7:21  Marine x2  
  109  7:29  Supply Depot  
  109  7:30  Supply Depot  
  109  7:31  Supply Depot  
  109  7:44  Marine  
  109  7:45  Medivac x2, Refinery, SCV x3, Armory  
  109  7:46  Refinery  
  109  7:48  Barracks Reactor, Barracks Tech Lab  
  109  7:50  Marine x3  
  109  7:51  Siege Tank  
  123  7:57  SCV x2  
  125  8:03  Marauder  
  127  8:08  Marine x2  
  127  8:09  Marauder, SCV x2  
  127  8:11  SCV  
  128  8:13  Marauder  
  128  8:18  Medivac x2  
  121  8:23  Siege Tank  
  121  8:24  Marauder  
  126  8:26  Command Center  
  126  8:30  Marauder  
  126  8:34  Marauder  
Show
View Real Time Build Order
Export as new Build Order

Astrea Protoss 

Build Orders: 1 Gate Expand, Phoenix Opening 

Get SALT Encoding   

  12  0:00  Probe  
  13  0:12  Probe  
  14  0:17  Pylon  
  14  0:24  Probe (Chrono Boost)  
  15  0:36  Gateway, Probe (Chrono Boost)  
  16  0:44  Probe (Chrono Boost)  
  16  0:45  Assimilator  
  17  0:51  Probe  
  18  1:03  Probe  
  19  1:15  Probe  
  20  1:22  Nexus  
  20  1:32  Cybernetics Core  
  20  1:35  Probe  
  21  1:44  Assimilator  
  21  1:47  Probe  
  21  1:51  Pylon  
  22  1:59  Probe  
  23  2:06  Adept (Chrono Boost)  
  23  2:07  Probe  
  23  2:15  Probe  
  26  2:21  Stargate  
  27  2:26  Probe (Chrono Boost)  
  27  2:29  Adept  
  30  2:33  Warp Gate  
  30  2:34  Probe (Chrono Boost)  
  33  2:44  Probe (Chrono Boost)  
  33  2:45  Probe (Chrono Boost)  
  33  2:50  Probe x2 (Chrono Boost)  
  35  3:00  Probe  
  35  3:03  Probe (Chrono Boost)  
  35  3:04  Phoenix  
  39  3:07  Pylon  
  39  3:12  Robotics Facility, Probe (Chrono Boost)  
  40  3:16  Pylon  
  41  3:22  Probe x2 (Chrono Boost)  
  42  3:27  Probe (Chrono Boost)  
  42  3:28  Probe  
  42  3:29  Phoenix  
  42  3:34  Assimilator  
  46  3:35  Assimilator  
  46  3:39  Probe  
  46  3:40  Probe  
  46  3:51  Probe (Chrono Boost)  
  47  3:56  Phoenix  
  47  3:58  Probe (Chrono Boost)  
  47  4:02  Observer, Probe (Chrono Boost)  
  51  4:06  Probe x2 (Chrono Boost)  
  51  4:09  Pylon  
  53  4:17  Probe  
  53  4:18  Probe  
  53  4:20  Phoenix  
  53  4:22  Gateway  
  57  4:25  Pylon  
  57  4:28  Robotics Bay  
  57  4:29  Probe  
  58  4:38  Immortal (Chrono Boost)  
  58  4:40  Probe  
  58  4:45  Pylon  
  63  4:47  Sentry  
  65  4:55  Shield Battery  
  65  5:00  Phoenix  
  67  5:10  Pylon  
  67  5:15  Immortal (Chrono Boost)  
  67  5:18  Adept x2  
  73  5:24  Phoenix  
  75  5:32  Pylon  
  75  5:33  Probe  
  75  5:35  Pylon  
  76  5:40  Adept x2  
  79  5:45  Observer  
  77  5:54  Probe x2  
  77  5:56  Forge  
  77  5:57  Twilight Council  
  77  6:02  Nexus  
  77  6:04  Pylon  
  77  6:06  Probe  
  77  6:07  Colossus (Chrono Boost), Probe  
  85  6:17  Extended Thermal Lance, Sentry  
  87  6:21  Probe x2 (Chrono Boost)  
  89  6:31  Protoss Ground Weapons Level 1  
  90  6:33  Probe (Chrono Boost)  
  90  6:34  Probe (Chrono Boost), Charge  
  89  6:41  Probe (Chrono Boost)  
  89  6:42  Probe (Chrono Boost)  
  91  6:47  Probe  
  91  6:49  Probe  
  93  6:54  Colossus (Chrono Boost)  
  93  6:59  Probe  
  100  7:01  Probe  
  95  7:11  Probe  
  95  7:13  Probe  
  95  7:15  Probe  
  92  7:23  Probe  
  92  7:26  Probe  
  92  7:27  Probe  
  95  7:35  Probe  
  96  7:37  Gateway  
  96  7:38  Gateway, Probe  
  96  7:40  Sentry  
  96  7:41  Gateway  
  96  7:42  Stalker  
  96  7:43  Templar Archives  
  97  7:45  Shield Battery  
  97  7:47  Assimilator  
  97  7:48  Gateway  
  97  7:50  Gateway  
  95  7:52  Assimilator  
  95  7:53  Gateway, Shield Battery  
  95  7:55  Pylon  
  95  7:56  Colossus (Chrono Boost)  
  94  8:04  Zealot  
  102  8:07  Zealot  
Tags
 
Add a new tag
Caveats
  • Supply blocks, unpowered buildings, or Contaminate may cause inaccurate times.
  • Supply counts are checked every 10 seconds.